 Dungeon Sprint DCSS version 0.24-a0-277-g67e6301 (webtiles) character file.

Game seed: 12873445515374223164

2440 stupendous the Formicid Catastrophe (level 9, 0/68 HPs)
             Began as a Formicid Fighter on Apr 29, 2019.
             Was an Elder of Qazlal.
             Slain by a spiny frog (23 damage)
             ... in the Dungeon (Sprint IX: "|||||||||||||||||||||||||||||").
             The game lasted 00:03:41 (893 turns).

stupendous the Formicid Catastrophe (FoFi)           Turns: 893, Time: 00:03:42

Health: 0/68       AC:  7    Str: 28    XL:     9   Next: 78%
Magic:  15/19      EV: 10    Int:  7    God:    Qazlal [****..]
Gold:   0          SH: 18    Dex: 13    Spells: 8/8 levels left

rFire    . . .     SeeInvis +   s - +2 scimitar (holy)
rCold    . . .     Gourm    .   c - +0 shield
rNeg     . . .     Faith    .   b - +0 scale mail
rPois    .         Spirit   .   (helmet unavailable)
rElec    .         Reflect  .   (no cloak)
rCorr    .         Harm     .   (no gloves)
MR       .....                  (no boots)
Stlth    ..........             (no amulet)
HPRegen  0.21/turn              t - +3 ring of strength
MPRegen  0.16/turn              u - +3 ring of strength

@: repel missiles
A: permanent stasis, dig shafts and tunnels, four strong arms, antennae 3
a: Dig, Upheaval, Elemental Force, Renounce Religion


You were in the Dungeon.
You worshipped Qazlal.
Qazlal was greatly pleased with you.
You were hungry.

You visited 1 branch

Inventory:

Hand Weapons
 a - a +0 long sword
 s - a +2 scimitar of holy wrath (weapon)
Armour
 b - a +0 scale mail (worn)
 c - a +0 shield (worn)
 p - a +1 scale mail
 q - a +0 pair of boots
 r - a +0 pair of gloves
Jewellery
 t - a +3 ring of strength (left hand)
 u - a +3 ring of strength (right hand)
 v - the ring "Maanwuesch" {rF+++ rN++ MR+ Dex-4 Stlth+}
   (You found it in the Dungeon)

   [ring of stealth]

   It affects your dexterity (-4).
   It renders you almost immune to fire.
   It greatly protects you from negative energy.
   It affects your resistance to hostile enchantments.
   It makes you more stealthy.
Wands
 o - a wand of acid (10)
Scrolls
 k - 3 scrolls of blinking
 m - 3 scrolls of remove curse
 n - 2 scrolls of amnesia
 w - a scroll of fear
 x - 2 scrolls of enchant weapon
 y - a scroll of identify
 z - 2 scrolls of enchant armour
Potions
 d - 2 potions of might
 e - a potion of invisibility
 g - 4 potions of heal wounds
 h - a potion of haste
 i - 4 potions of magic
 j - a potion of berserk rage
 l - 4 potions of curing
Comestibles
 f - a ration


   Skills:
 - Level 5.0 Fighting
 + Level 13.9 Long Blades
 - Level 6.5 Armour
 - Level 0.4 Dodging
 - Level 9.5 Shields
 + Level 14.2 Invocations


You had 8 spell levels left.
You didn't know any spells.
Your spell library was empty.

Dungeon Overview and Level Annotations

Branches:
Dungeon (1/1)

Altars:
Cheibriados
Dithmenos
Elyvilon
Fedhas
Gozag
Hepliaklqana
Kikubaaqudgha
Makhleb
Nemelex Xobeh
Okawaru
Qazlal
Ru
Sif Muna
Trog
Uskayaw
Vehumet
Wu Jian
Xom
Yredelemnul
Zin
The Shining One
Beogh
Jiyva
Lugonu


Innate Abilities, Weirdness & Mutations

You cannot be hasted, slowed, berserked, paralysed or teleported.
You can dig through walls and to a lower floor.
Your four strong arms can wield two-handed weapons with a shield.
You have a pair of large antennae on your head. (SInv)


Message History

The spiny frog stings you!
You are poisoned.
The spiny frog poisons you!
You slash the spiny frog!
The spiny frog is severely wounded.
You feel sick.
You slash the spiny frog!
The spiny frog is almost dead.
You feel sick. The spiny frog stings you!
* * * LOW HITPOINT WARNING * * *
You closely miss the spiny frog.
The spiny frog is almost dead.
* * * LOW HITPOINT WARNING * * *
You feel sick. You block the spiny frog's attack.
You feel better. The spiny frog stings you!
* * * LOW HITPOINT WARNING * * *
You are lethally poisoned!
The spiny frog poisons you!
You feel better. The spiny frog stings you!!
You die...

{ {▓.▓_▓
{
{▓.▓.▓_▓
{
▓.▓.▓_▓
▓.▓.▓_▓
{
▓r▓.▓_▓
{
▓F▓.▓_▓
{
▓F▓.▓_▓
{
▓F▓.▓_▓
{
▓@▓.▓_▓
{
{▓†▓.▓_▓
{
▓.▓.▓_▓
{
▓.▓.▓_▓
{
▓.▓.▓_▓
{
▓.▓.▓_▓
{
▓.▓.▓'▓
{
▓.▓.▓.▓
{
▓.▓.▓.▓


You could see a spiny frog, 2 bullfrogs and a porcupine.

Vanquished Creatures
  A deep elf mage (D)
  A komodo dragon (D)
  A blink frog (D)
  A hippogriff (D)
  A yak (D)
  3 hungry ghosts (D)
  A porcupine (D)
  A black bear (D)
  An ice beast (D)
  An orc warrior (D)
  A necrophage (D)
  A centaur (D)
  A wolf (D)
  A bullfrog (D)
  A scorpion (D)
  2 crimson imps (D)
  2 hounds (D)
  An iguana (D)
  A bat (D)
  A hobgoblin (D)
  A kobold (D)
  2 rats (D)
27 creatures vanquished.

Notes
Turn   | Place    | Note
-------+----------+-------------------------------------------
     0 | D        | stupendous the Formicid Fighter began the quest for the
                  | Orb.
     0 | D        | Reached XP level 1. HP: 18/18 MP: 1/1
    70 | D        | Noticed a hound
    70 | D        | Noticed a scorpion
    70 | D        | Noticed an ice beast
    70 | D        | Noticed a crimson imp
    70 | D        | Noticed a hound
    76 | D        | Killed a hound
    76 | D        | Reached skill level 5 in Fighting
    76 | D        | Reached skill level 5 in Shields
    76 | D        | Reached XP level 2. HP: 9/27 MP: 2/2
    76 | D        | Reached XP level 3. HP: 11/33 MP: 3/3
   105 | D        | Killed an ice beast
   105 | D        | Reached skill level 5 in Long Blades
   105 | D        | Reached XP level 4. HP: 12/39 MP: 4/4
   105 | D        | Reached XP level 5. HP: 14/44 MP: 5/5
   119 | D        | Reached XP level 6. HP: 11/51 MP: 6/6
   361 | D        | Found a roughly hewn altar of Beogh.
   361 | D        | Found a snail-covered altar of Cheibriados.
   361 | D        | Found a shadowy altar of Dithmenos.
   361 | D        | Found a white marble altar of Elyvilon.
   361 | D        | Found a blossoming altar of Fedhas.
   361 | D        | Found an opulent altar of Gozag.
   362 | D        | Found a hazy altar of Hepliaklqana.
   363 | D        | Found a viscous altar of Jiyva.
   364 | D        | Found an ancient bone altar of Kikubaaqudgha.
   365 | D        | Found a corrupted altar of Lugonu.
   366 | D        | Found a burning altar of Makhleb.
   367 | D        | Found a sparkling altar of Nemelex Xobeh.
   368 | D        | Found an iron altar of Okawaru.
   369 | D        | Found a stormy altar of Qazlal.
   370 | D        | Found a sacrificial altar of Ru.
   371 | D        | Found a deep blue altar of Sif Muna.
   372 | D        | Found a bloodstained altar of Trog.
   373 | D        | Found a hide-covered altar of Uskayaw.
   374 | D        | Found a radiant altar of Vehumet.
   375 | D        | Found an ornate altar of the Wu Jian Council.
   376 | D        | Found a shimmering altar of Xom.
   377 | D        | Became a worshipper of Qazlal Stormbringer
   378 | D        | Found a basalt altar of Yredelemnul.
   379 | D        | Found a glowing silver altar of Zin.
   380 | D        | Found a glowing golden altar of the Shining One.
   417 | D        | Noticed a hungry ghost
   417 | D        | Noticed an orc warrior
   417 | D        | Noticed a black bear
   417 | D        | Noticed a yak
   422 | D        | Reached skill level 4 in Invocations
   430 | D        | Killed a yak
   430 | D        | Reached skill level 6 in Invocations
   430 | D        | Reached XP level 7. HP: 31/56 MP: 6/12
   437 | D        | Reached * piety under Qazlal
   437 | D        | Reached skill level 7 in Invocations
   439 | D        | Reached skill level 10 in Long Blades
   439 | D        | Reached skill level 8 in Invocations
   445 | D        | Killed a hungry ghost
   445 | D        | Reached ** piety under Qazlal
   445 | D        | Reached skill level 9 in Invocations
   445 | D        | Reached XP level 8. HP: 31/62 MP: 8/15
   604 | D        | Noticed a hippogriff
   604 | D        | Noticed a deep elf mage
   612 | D        | Killed a deep elf mage
   612 | D        | Reached skill level 11 in Invocations
   620 | D        | Killed a hippogriff
   624 | D        | Reached skill level 12 in Invocations
   624 | D        | Reached XP level 9. HP: 49/68 MP: 16/18
   629 | D        | Reached *** piety under Qazlal
   852 | D        | Got the ring "Maanwuesch" {rF+++ rN++ MR+ Dex-4 Stlth+}
   865 | D        | Noticed a komodo dragon
   865 | D        | Noticed a blink frog
   868 | D        | Reached skill level 13 in Invocations
   872 | D        | Reached **** piety under Qazlal
   873 | D        | Noticed a spiny frog
   880 | D        | Killed a blink frog
   883 | D        | Killed a komodo dragon
   883 | D        | Reached skill level 14 in Invocations
   893 | D        | Slain by a spiny frog

Levels and vault maps discovered:
D:        linesprint [early_d, line_temple, items_1, d_10, items_2, lair_1,
          lair_end, items_3, orc_1, orc_end, items_4, d_15, swamp_1, shoals_1,
          snake_1, spider_1, d_20, vaults_1, items_5, swamp_end, shoals_end,
          snake_end, spider_end, vaults_end, d_27, items_6, zot_1, zot_end,
          crypt_end, forest_end, elf_end, slime_end, tomb_end, abyss_end,
          pan_hell_end]

Skill      XL: |  1  2  3  4  5  6  7  8  9 |
---------------+----------------------------+-----
Shields        | 5 7 9 |  9.5
Fighting       | 5 |  5.0
Long Blades    | 3 5 6 9 11 12 13 | 13.9
Armour         | 4 6 |  6.5
Invocations    | 6 9 12 14 | 14.2
Dodging        | |  0.4

Action                   |  1- 3 |  4- 6 |  7- 9 || total
-------------------------+-------+-------+-------++-------
Melee: Long sword        |    45 |    15 |       ||    60
       Scimitar          |       |    12 |    79 ||    91
Invok: Upheaval          |       |       |     1 ||     1
  Use: Potion            |     1 |     1 |     3 ||     5
  Eat: Chunk             |       |       |     2 ||     2
Armor: Scale mail        |    16 |     8 |    20 ||    44
Dodge: Dodged            |    15 |     3 |    21 ||    39
Block: Shield            |    21 |    13 |    37 ||    71
       Rpst.: Long sword |     9 |     1 |       ||    10
       Scimitar          |       |       |     2 ||     2

Table legend:
 A = Non-vault XP
 B = Vault XP
 C = Vault XP percentage of total XP
 D = Non-vault monster count
 E = Vault monster count
 F = Vault count percentage of total count
                 A         B        C        D         E       F
            +---------+---------+-------+---------+---------+-------
      Total |       0 |    3487 | 100.0 |       0 |      27 | 100.0
            +---------+---------+-------+---------+---------+-------
          D |       0 |    3487 | 100.0 |       0 |      27 | 100.0
            +---------+---------+-------+---------+---------+-------
